 Dungeon Crawl Stone Soup version 0.20.1-1-g8b1a95d (webtiles) character file.

186 galech the Cudgeler (level 5, -5/53 HPs)
             Began as a Troll Fighter on July 20, 2017.
             Slain by Sigmund
             ... wielding a +0 scythe
              (15 damage)
             ... on level 4 of the Dungeon.
             The game lasted 00:03:33 (2446 turns).

galech the Cudgeler (Troll Fighter)                 Turns: 2446, Time: 00:03:34

Health: -5/53      AC:  6    Str: 25    XL:     5   Next: 38%
Magic:  4/4        EV:  8    Int:  4    God:
Gold:   111        SH:  0    Dex:  9    Spells: 4/4 levels left

rFire    . . .     SeeInvis .   a - +0 flail
rCold    . . .     Gourm    +   c - +0 shield
rNeg     . . .     Faith    .   b - +0 robe
rPois    .         Spirit   .   (helmet restricted)
rElec    .         Reflect  .   p - +0 cloak
rCorr    .         Harm     .   (gloves unavailable)
MR       .....                  (boots unavailable)
Stlth    +.........             (no amulet)
Regen    0.6/turn               (no ring)
MPRegen  0.1/turn               (no ring)

@: confused
A: unfitting armour, claws 3, fast metabolism 3, gourmand, regeneration 1,
shaggy fur 1, tough skin 2
a: no special abilities


You were on level 4 of the Dungeon.
You were very full.

You visited 1 branch of the dungeon, and saw 5 of its levels.

You collected 111 gold pieces.

Inventory:

Hand Weapons
 a - a +0 flail (weapon)
Armour
 b - a +0 robe (worn)
 c - a +0 shield (worn)
 p - a +0 cloak (worn)
Wands
 q - a wand of flame (19/48)
Scrolls
 e - a scroll of remove curse {unknown}
 g - a scroll of random uselessness {unknown}
 l - 3 scrolls of immolation {unknown}
 m - 4 scrolls of identify {unknown}
 o - 3 scrolls of blinking {unknown}
 t - 2 scrolls of fear {unknown}
Potions
 d - a potion of might
 i - a potion of lignification {unknown}
 j - a potion of berserk rage {unknown}
 k - 2 potions of flight {unknown}
 n - 4 potions of heal wounds {unknown}
 s - a potion of mutation {unknown}
Comestibles
 f - 6 bread rations
 h - a royal jelly
 r - a meat ration
 u - a chunk of flesh


   Skills:
 + Level 3.0 Fighting
 + Level 3.2 Maces & Flails
 + Level 3.2 Dodging
 + Level 3.2 Shields


You had 4 spell levels left.
You didn't know any spells.

Dungeon Overview and Level Annotations

Branches:
Dungeon (5/15)
 Temple: D:4-7

Altars:

Annotations:
D:4 Sigmund


Innate Abilities, Weirdness & Mutations

You are too large for most types of armour.
You have claws for hands.
Your metabolism is lightning-fast.
You like to eat raw meat.
Your natural rate of healing is unusually fast.
You are covered in fur. (AC +1)
You have very tough skin. (AC +2)


Message History

* * * LOW HITPOINT WARNING * * *
You barely miss something. Something hits you.
* * * LOW HITPOINT WARNING * * *
You hit something. Something hits you.
* * * LOW HITPOINT WARNING * * *
You closely miss something.
Sigmund appears from thin air!
Reactivating autopickup.
You block Sigmund's attack.
You barely miss Sigmund.
Sigmund is severely wounded.
Sigmund casts a spell.
Sigmund flickers and vanishes!
Deactivating autopickup; reactivate with Ctrl-A.
You miss something. Something hits you but does no damage.
You barely miss something. Something hits you but does no damage.
You closely miss something.
You hear some strange, mumbled words.
You are confused.
You closely miss something. Something hits you!
You die...

...... ..... ### ##....
#<# #.... #.# #...
#.####### #.. #.......#
#.######..# #....##.#
#>.........
#....##.###@#########
##.......##.{.#########
#.......................#
#.......................+
#.............#..[......#
#.............#.........#
#.............#.........#
#.............#.........#
.............#.........#


There were no monsters in sight!

Vanquished Creatures
  A howler monkey (D:3)
  An orc priest (D:3)
  Crazy Yiuf (D:3)
  3 adders
  An ooze (D:2)
  2 dart slugs
  A leopard gecko (D:2)
  4 orcs
  5 giant cockroaches
  5 goblins
  7 hobgoblins
  2 jackals (D:1)
  3 quokkas
  5 bats
  2 frilled lizards (D:1)
  5 kobolds
  4 rats
52 creatures vanquished.

Notes
Turn   | Place    | Note
-------+----------+-------------------------------------------
     0 | D:1      | galech the Troll Fighter began the quest for the Orb.
     0 | D:1      | Reached XP level 1. HP: 22/22 MP: 0/0
   262 | D:1      | Reached XP level 2. HP: 27/29 MP: 1/1
   882 | D:2      | Reached XP level 3. HP: 32/36 MP: 2/2
  1796 | D:3      | Found a faded altar of an unknown god.
  1880 | D:3      | Reached XP level 4. HP: 24/44 MP: 3/3
  1935 | D:3      | Found a runed door.
  1939 | D:3      | Noticed Crazy Yiuf
  1943 | D:3      | Killed Crazy Yiuf
  2056 | D:3      | Reached XP level 5. HP: 40/53 MP: 4/4
  2323 | D:4      | Noticed Sigmund
  2363 | D:5      | Entered Level 5 of the Dungeon
  2446 | D:4      | Slain by Sigmund

Skill      XL: |  1  2  3  4 |
---------------+-------------+-----
Maces & Flails | 2 3 |  3.2
Dodging        | 3 |  3.2
Shields        | 3 |  3.2
Fighting       | 3 |  3.0

Action                   |  1- 3 |  4- 6 || total
-------------------------+-------+-------++-------
Melee: Flail             |   137 |    87 ||   224
  Eat: Chunk             |    17 |    11 ||    28
Armor: Robe              |    79 |    44 ||   123
Dodge: Dodged            |    69 |    23 ||    92
Block: Shield            |    87 |    52 ||   139
